 Dungeon Crawl Stone Soup version 0.32-a0-913-g739538afd8 (webtiles) character file.

Game seed: 7047339493758449241

558 Esekla the Covert (level 7, -1/47 HPs)
             Began as an Octopode Delver on Apr 7, 2024.
             Was an Initiate of Gozag.
             Slain by an orc wizard
             ... wielding a +0 dagger
              (4 damage)
             ... on level 5 of the Dungeon.
             The game lasted 00:26:25 (4397 turns).

Esekla the Covert (Octopode Delver)                 Turns: 4397, Time: 00:26:26

Health: -1/47      AC:  1    Str: 12    XL:     7   Next: 31%
Magic:  10/10      EV: 12    Int: 14    God:    Gozag
Gold:   606        SH:  0    Dex: 13    Spells: 7/10 levels left

rFire   . . .        a - +0 dagger (vamp)
rCold   . . .        (no shield)
rNeg    . . .        (helmet restricted)
rPois   .            m - amulet of magic regeneration
rElec   .            (no ring)
rCorr   .            (no ring)
SInv    .            (no ring)
Will    .....        (no ring)
Stlth   +++++        (no ring)
HPRegen 0.27/turn    (no ring)
MPRegen 0.52/turn    (no ring)
                     (no ring)

%: no passive effects
@: no status effects
A: almost no armour, amphibious, 8 rings, camouflage 1, gelatinous body 1,
(nimble swimmer 1), tentacles
a: Renounce Religion, Potion Petition, Call Merchant, Bribe Branch


You were on level 5 of the Dungeon.
You worshipped Gozag.
Gozag was pleased with you.
You visited 2 branches of the dungeon, and saw 6 of its levels.

You collected 730 gold pieces.
You spent 112 gold pieces at shops.
You paid 12 gold pieces to Gozag.

Inventory:

Hand Weapons
 a - a +0 vampiric dagger (weapon)
 r - a +0 trident
 s - a +1 dagger of flaming
 v - a +0 dagger of venom
Jewellery
 m - an amulet of magic regeneration (around mantle)
 n - a ring of positive energy
Wands
 f - a wand of digging (3)
 i - a wand of flame (33)
 x - a wand of roots (9)
Scrolls
 b - a scroll of fog
 d - 2 scrolls of identify
 k - a scroll of revelation
 l - a scroll of immolation {unknown}
 o - a scroll of amnesia {unknown}
 p - a scroll of blinking {unknown}
 q - 3 scrolls of teleportation {unknown}
Potions
 c - a potion of enlightenment
 e - a potion of haste
 g - a potion of invisibility
 h - a potion of resistance {unknown}
 j - a potion of lignification
 t - a potion of attraction
 u - a potion of might
 w - a potion of degeneration {unknown}


   Skills:
 * Level 3.6 Fighting
 + Level 2.0 Short Blades
 + Level 0.2(1.2) Long Blades
 + Level 2.0 Polearms
 * Level 2.9 Dodging
 + Level 8.9 Stealth
 * Level 2.2 Spellcasting
 * Level 2.5 Conjurations
 * Level 1.8 Air Magic
 * Level 1.4 Alchemy


You had 7 spell levels left.
You knew the following spells:

 Your Spells              Type           Power      Damage    Failure   Level
c - Mephitic Cloud        Conj/Alch/Air  7%         N/A       30%         3

Your spell library contained the following spells:

 Spells                   Type           Power      Damage    Failure   Level
 Magic Dart               Conj           32%        1d4       9%          1
 Searing Ray              Conj           16%        2d5       12%         2
 Dazzling Flash           Conj/Hex       10%        N/A       38%         3
 Fulminant Prism          Conj/Alch      3%         3d5       71%         4
 Silence                  Hex/Air        2%         N/A       99%         5
 Curse of Agony           Necr           1%         N/A       100%        5


Dungeon Overview and Level Annotations

Branches:
Dungeon (5/15)             Temple (1/1) D:5

Altars:
Ashenzari
Dithmenos
Elyvilon
Fedhas
Gozag
Hepliaklqana
Makhleb
Okawaru
Qazlal
Sif Muna
Uskayaw
Vehumet
Wu Jian
Yredelemnul

Shops:
D:2 (

Annotations:
D:4 ogre


Innate Abilities, Weirdness & Mutations

You cannot wear most types of armour.
You are amphibious.
You can wear up to eight rings at the same time.
Your skin changes colour to match your surroundings (Stealth+).
Your rubbery body absorbs attacks. (AC +1, EV +1)
((You are camouflaged when in or above water. (Stealth+)))
You have tentacles for arms and can constrict up to eight enemies at once.


Message History

You hit the orc wizard but do no damage.
The orc wizard is severely wounded.
You constrict the orc wizard.
The orc wizard points at you and mumbles some strange words.
The magic dart hits you!
* * * LOW HITPOINT WARNING * * *
You hit the orc wizard.
You feel better.
You kill the orc wizard!
Your magical contamination has completely faded away.
Your Short Blades skill increases to level 2!
You miss something. Something hits you.
* * * LOW HITPOINT WARNING * * *
You barely miss something. Your squeeze misses something.
The orc priest miscasts a cantrip.
Something hits you.
* * * LOW HITPOINT WARNING * * *
You completely miss something. Your squeeze misses something.
Something hits you.
* * * LOW HITPOINT WARNING * * *
You completely miss something. Something hits you.
* * * LOW HITPOINT WARNING * * *
You closely miss something. Something hits you.
* * * LOW HITPOINT WARNING * * *
Okay, then.
Okay, then.
Unknown command.
You closely miss something. Your squeeze misses something.
Something completely misses you.
You miss something. Your squeeze misses something. You hit something.
You feel better.
You squeeze something! Something hits you.
* * * LOW HITPOINT WARNING * * *
You hit something but do no damage. Something hits you.
* * * LOW HITPOINT WARNING * * *
You barely miss something.
You hear some strange, mumbled words.
Something tries to affect you, but you resist.
You completely miss something. Your squeeze misses something.
Something hits you.
You die...
Your body crumbles into a pile of gold.

#......#..,,,,.,*#.*#.#.##
#<#....##**,,,,,*#.,....##
#......# *,,,,,***##.#..,
#......# *,,,,,* #.###*
#......# *,,,,,* #.# *
#......# ******* *#.#***
####.###### *...,*,
#......#*## *,**,,,
######@##.## *,****,
#{#...## *,* **
#oh)...#****,* *
#.........,,,*
#......###**** #.....##
####.## *##


You could see an orc priest and a jackal.

Vanquished Creatures
  Menkaure (D:4)
  An orc priest (D:4)
  A gnoll bouda (D:5)
  A hound (D:5)
  Crazy Yiuf (D:3)
  2 iguanas
  Natasha (D:4)
  3 orc wizards
  Robin (D:2)
  5 adders
  3 gnolls (D:5)
  2 dart slugs
  9 orcs
  4 endoplasms
  4 giant cockroaches
  20 goblins
  5 hobgoblins
  A jackal (D:5)
  2 quokkas
  4 ball pythons
  5 bats
  3 frilled lizards (D:1)
  3 kobolds
  3 rats
85 creatures vanquished.

Notes
Turn   | Place    | Note
-------+----------+-------------------------------------------
     0 | D:5      | Esekla the Octopode Delver began the quest for the Orb.
     0 | D:5      | Reached XP level 1. HP: 16/16 MP: 1/1
    17 | D:5      | Noticed an iguana
    28 | D:5      | Noticed a jelly
    35 | D:5      | Found a staircase to the Ecumenical Temple.
    38 | D:5      | Noticed a bombardier beetle
    46 | Temple   | Entered the Ecumenical Temple
    77 | Temple   | Became a worshipper of Gozag Ym Sagoz the Greedy
   121 | D:5      | Noticed a hound
   139 | D:5      | Noticed an iguana
   140 | D:5      | Noticed a gnoll bouda
   155 | D:5      | Noticed a gnoll bouda
   263 | D:4      | Noticed an orc wizard
   264 | D:4      | Noticed an orc wizard
   288 | D:4      | Reached XP level 2. HP: 21/21 MP: 2/2
   317 | D:4      | Noticed Menkaure
   393 | D:4      | Noticed Natasha
   956 | D:1      | Reached skill level 7 in Stealth
   956 | D:1      | Reached XP level 3. HP: 26/26 MP: 3/3
   965 | D:1      | Learned a level 3 spell: Mephitic Cloud
  1083 | D:1      | Reached skill level 1 in Conjurations
  1370 | D:2      | Found a faded altar of an unknown god.
  1436 | D:2      | Found Pusamar's Weapon Emporium.
  1581 | D:2      | Identified the +3 dagger of Courage {antimagic, Stlth+}
  1595 | D:2      | Reached XP level 4. HP: 22/31 MP: 4/4
  1665 | D:2      | Reached skill level 1 in Spellcasting
  1890 | D:3      | Found a radiant altar of Vehumet.
  2142 | D:3      | Reached skill level 1 in Air Magic
  2214 | D:3      | Noticed Robin
  2294 | D:2      | Bought a +0 vampiric dagger for 112 gold pieces
  2425 | D:3      | Found a runed translucent door.
  2426 | D:3      | Noticed Crazy Yiuf
  2433 | D:3      | Killed Crazy Yiuf
  2434 | D:3      | Reached skill level 1 in Short Blades
  2434 | D:3      | Reached XP level 5. HP: 36/36 MP: 6/6
  2519 | D:2      | Killed Robin
  2979 | D:4      | Noticed an ogre
  3216 | D:4      | Reached skill level 8 in Stealth
  3515 | D:4      | Killed Menkaure
  3516 | D:4      | Reached skill level 1 in Alchemy
  3516 | D:4      | Reached XP level 6. HP: 42/42 MP: 6/9
  3846 | D:4      | Killed Natasha
  4083 | D:5      | Reached XP level 7. HP: 36/46 MP: 10/10
  4395 | D:5      | HP: 2/47 [something (4)]
  4397 | D:5      | Slain by an orc wizard

Illustrated notes

Levels and vault maps discovered:
D:1:      tarquinn_simple_flora_water_f, layout_basic
D:2:      layout_rooms, dreamdust_ecumenical_altar_angels_and_demons,
          serial_shops, shop, minmay_misc_feat_rows
D:3:      layout_loops_ring, lemuel_coloured_pillars_altar, uniq_robin,
          uniq_crazy_yiuf_cottage
D:4:      layout_layer_cave, uniq_menkaure, uniq_natasha
D:5:      layout_loops_cross, minmay_temple_entry_gardened_gates,
          minmay_misc_feat_chi, hangedman_decor_riveting
Temple:   oiseaux_autumnal_temple

Skill      XL: |  1  2  3  4  5  6  7 |
---------------+----------------------+-----
Stealth        | 7 8 |  8.9
Conjurations   | 1 2 |  2.5
Spellcasting   | 1 2 |  2.2
Air Magic      | 1 |  1.8
Short Blades   | 1 2 |  2.0
Alchemy        | 1 |  1.4
Fighting       | |  3.6
Long Blades    | |  0.2
Polearms       | |  2.0
Dodging        | |  2.9

Action                     |  1- 3 |  4- 6 |  7- 9 || total
---------------------------+-------+-------+-------++-------
  Melee: Spear             |     7 |       |       ||     7
         Constrict         |     9 |    15 |     9 ||    33
         Tentacles         |     4 |    13 |    12 ||    29
         Dagger            |    21 |   106 |    33 ||   160
         Long sword        |    21 |     1 |       ||    22
  Evoke: Wand              |       |       |     2 ||     2
    Use: Scroll            |     1 |     8 |       ||     9
         Potion            |       |     3 |       ||     3
   Stab: Sleeping          |    15 |    12 |       ||    27
         Distracted        |     1 |     2 |       ||     3
 Armour: Skin              |    19 |    71 |    22 ||   112
  Dodge: Dodged            |    21 |    38 |    10 ||    69

Table legend: (Time is in decaauts)
 A = Elapsed time spent in this place.
 B = Non-inter-level travel time spent in this place.
 C = Inter-level travel time spent in this place.
 D = Time resting spent in this place.
 E = Time spent auto-exploring this place.
 F = Levels seen in this place.
 G = Mean time per level.
                   A        B        C        D        E       F      G
               +--------+--------+--------+--------+--------+-----+--------+
         Total |   4390 |   4105 |    285 |    434 |   1124 |   6 |  731.7 |
       Dungeon |   4327 |   4103 |    224 |    434 |   1124 |   5 |  865.4 |
        Temple |     62 |      1 |     61 |      0 |      0 |   1 |   62.0 |
               +--------+--------+--------+--------+--------+-----+--------+

Top non-repeatable levels by time:
     D:4: 1405 daAuts
     D:3: 912 daAuts
     D:2: 892 daAuts
     D:1: 685 daAuts
     D:5: 431 daAuts
  Temple: 62 daAuts
